 Dungeon Crawl Stone Soup version 0.21.1-1-g345015fe64 (webtiles) character file.

1962 Gargoyl the Chopper (level 9, -1/73 HPs)
             Began as a Centaur Abyssal Knight on May 9, 2018.
             Was an Elder of Lugonu.
             Slain by a yak (2 damage)
             ... on level 7 of the Dungeon.
             The game lasted 00:11:01 (7921 turns).

Gargoyl the Chopper (Centaur Abyssal Knight)        Turns: 7921, Time: 00:11:01

Health: -1/73      AC: 16    Str: 16    XL:     9   Next: 0%
Magic:  12/12      EV:  4    Int: 11    God:    Lugonu [****..]
Gold:   426        SH:  8    Dex: 11    Spells: 8/8 levels left

rFire    . . .     SeeInvis .   a - +2 hand axe
rCold    . . .     Gourm    .   k - +0 shield
rNeg     . . .     Faith    .   d - +2 chain mail of the Elven Halls {Slay+2}
rPois    .         Spirit   .   m - +2 helmet
rElec    .         Reflect  .   h - +0 cloak
rCorr    .         Harm     .   (no gloves)
MR       .....                  (no barding)
Stlth    ..........             (no amulet)
HPRegen  0.22/turn              p - +1 ring of protection
MPRegen  0.13/turn              (no ring)

@: very quick
A: large, hooves 3, blink, deformed body, speed 2, tough skin 3, sturdy frame 1
a: Blink, Depart the Abyss, Bend Space, Banish, Corrupt, Renounce Religion


You were on level 7 of the Dungeon.
You worshipped Lugonu.
Lugonu was greatly pleased with you.
You were not hungry.

You visited 1 branch of the dungeon, and saw 7 of its levels.
You visited the Abyss 1 time.

You collected 426 gold pieces.

Inventory:

Hand Weapons
 a - a +2 hand axe (weapon)
Missiles
 f - 7 silver javelins (quivered)
Armour
 d - the +2 chain mail of the Elven Halls (worn) {Slay+2}
   (You found it on level 4 of the Dungeon)

   It affects your accuracy and damage with ranged weapons and melee attacks
   (+2).
 h - a +0 cloak (worn)
 k - a +0 shield (worn)
 m - a +2 helmet (worn)
Jewellery
 p - a +1 ring of protection (left hand)
Wands
 l - a wand of random effects (22)
Scrolls
 b - a scroll of identify
 i - 2 scrolls of fear
 j - 2 scrolls of amnesia
 o - 3 scrolls of remove curse
Potions
 e - a potion of mutation
 g - 2 potions of magic
 n - a potion of berserk rage {unknown}
 q - a potion of lignification {unknown}
 r - a potion of flight
 s - a potion of haste
 t - a potion of brilliance {unknown}
Comestibles
 c - 10 rations


   Skills:
 + Level 4.8 Fighting
 + Level 5.6 Axes
 + Level 0.5 Throwing
 * Level 5.2 Armour
 + Level 1.6 Dodging
 + Level 3.0 Shields
 * Level 5.1 Invocations


You had 8 spell levels left.
You didn't know any spells.

Dungeon Overview and Level Annotations

Branches:
Dungeon (7/15)             Temple (0/1) D:7

Altars:
Ashenzari
Dithmenos
Fedhas
Kikubaaqudgha
Makhleb
Okawaru
Qazlal
Wu Jian


Innate Abilities, Weirdness & Mutations

You have hooves in place of feet.
Armour fits poorly on your strangely shaped body.
You cover ground very quickly.
You have extremely tough skin. (AC +3)
You can translocate small distances at will.
Your movements are slightly less encumbered by armour. (ER -2)


Message History

Unknown command.
You slash the yak! Your kick misses the yak.
The yak is moderately wounded.
You slash the yak!
You hit the yak. x2; The yak gores you but does no damage.
The yak gores you!
* * * LOW HITPOINT WARNING * * *
The yak gores you!
* * * LOW HITPOINT WARNING * * *
You block the yak's attack.
You hit the yak but do no damage. You kick the yak!
The yak is heavily wounded.
You hit the yak but do no damage. You hit the yak. You closely miss the yak.
The yak barely misses you. The yak gores you but does no damage.
You block the yak's attack. The yak gores you!
* * * LOW HITPOINT WARNING * * *
You hit the yak.
The yak is severely wounded.
You barely miss the yak. You hit the yak. You barely miss the yak.
You block the yak's attack. The yak gores you.
You die...

.#.........
.#.........+..........
...........#...... ..
...<............$...
.........#.....#.#.# #
...............#.#.#.#
..#.........#..#.....#
............#..YYY...#
.......#.#......@Y...#
.......#......##.....#
......(#.............#
..............##.....#
...######..........#...
...# #...............
.### #...............
.# #.........!..... ##
...........


You could see 4 yaks.

Vanquished Creatures
  Grinder (D:4)
  A water moccasin (D:6)
  An ice beast (D:5)
  2 ogres
  3 bullfrogs (D:6)
  2 scorpions (D:6)
  A howler monkey (D:6)
  2 crimson imps (D:5)
  3 jellies
  2 orc priests
  Crazy Yiuf (D:2)
  3 hounds
  9 orc wizards
  An iguana (D:4)
  Natasha (thrice) (D:2)
  2 worker ants
  3 hound skeletons
  Robin (D:2)
  A howler monkey zombie (D:5)
  2 worker ant zombies
  12 adders
  3 gnolls (D:2)
  A shadow imp (D:7)
  An ooze (D:2)
  2 adder skeletons (D:5)
  A worm (D:2)
  4 dart slugs
  3 leopard geckos
  14 orcs
  5 bats
  5 giant cockroaches
  11 goblins
  8 hobgoblins
  5 quokkas
  4 ball pythons
  5 frilled lizards
  7 kobolds
  A leopard gecko zombie (D:6)
  A quokka zombie (D:6)
  6 rats
143 creatures vanquished.

Notes
Turn   | Place    | Note
-------+----------+-------------------------------------------
     0 | Abyss:1  | Gargoyl the Centaur Abyssal Knight began the quest for the Orb.
     0 | Abyss:1  | Reached XP level 1. HP: 19/19 MP: 2/2
    30 | Abyss:1  | Found a corrupted altar of Lugonu.
    41 | Abyss:1  | Found a corrupted altar of Lugonu.
    71 | Abyss:2  | Found a corrupted altar of Lugonu.
    77 | Abyss:2  | Got an ichor-stained ring mail
    78 | Abyss:2  | Found a corrupted altar of Lugonu.
    94 | Abyss:2  | Identified the cursed +0 ring mail of the Countless Nights {rElec Str+3 Stlth+} (You found it on level 2 of the Abyss)
   114 | Abyss:2  | Noticed a chaos spawn
   141 | Abyss:3  | Noticed a jiangshi
   145 | Abyss:3  | Noticed a vampire mage
   147 | D:1      | Escaped the Abyss
   327 | D:1      | Reached XP level 2. HP: 22/26 MP: 3/3
   497 | D:1      | Reached * piety under Lugonu
   728 | D:2      | Noticed Robin
   741 | D:2      | Killed Robin
   741 | D:2      | Reached XP level 3. HP: 10/31 MP: 4/4
   753 | D:2      | HP: 1/31 [goblin[Robin] (2)]
   754 | D:2      | Gained mutation: You can translocate small distances at will. [potion of mutation]
   754 | D:2      | Gained mutation: Your movements are slightly less encumbered by armour. (ER -2) [potion of mutation]
  1061 | D:2      | Reached skill level 1 in Dodging
  1078 | D:2      | Found a blossoming altar of Fedhas.
  1164 | D:2      | Reached XP level 4. HP: 16/38 MP: 5/5
  1398 | D:2      | Noticed Natasha
  1635 | D:2      | Killed Natasha
  1635 | D:2      | Reached XP level 5. HP: 15/45 MP: 5/7
  1639 | D:2      | Reached ** piety under Lugonu
  2029 | D:2      | Found an iron altar of Okawaru.
  2135 | D:2      | Noticed Natasha
  2143 | D:2      | Killed Natasha
  2143 | D:2      | Reached skill level 1 in Shields
  2166 | D:2      | Noticed Natasha
  2172 | D:2      | Killed Natasha
  2317 | D:2      | Found a runed door.
  2321 | D:2      | Noticed Crazy Yiuf
  2334 | D:2      | HP: 1/46 [Crazy Yiuf/quarterstaff of chaos (9)]
  2336 | D:2      | Killed Crazy Yiuf
  2336 | D:2      | Reached XP level 6. HP: 8/52 MP: 0/8
  3673 | D:4      | Noticed Grinder
  3700 | D:4      | Killed Grinder
  3700 | D:4      | Reached XP level 7. HP: 22/59 MP: 9/9
  4103 | D:4      | Found an ornate altar of the Wu Jian Council.
  4105 | D:4      | Found a shadowy altar of Dithmenos.
  5141 | D:4      | Got a brightly glowing chain mail
  5152 | D:4      | Identified the +2 chain mail of the Elven Halls {Slay+2} (You found it on level 4 of the Dungeon)
  5175 | D:5      | Entered Level 5 of the Dungeon
  5851 | D:5      | Reached XP level 8. HP: 66/66 MP: 11/11
  5878 | D:5      | Reached *** piety under Lugonu
  5977 | D:5      | Found a shattered altar of Ashenzari.
  6122 | D:5      | Found a burning altar of Makhleb.
  6949 | D:6      | Reached skill level 5 in Axes
  7089 | D:6      | Reached skill level 5 in Armour
  7155 | D:6      | Found a stormy altar of Qazlal.
  7161 | D:6      | Noticed an air elemental
  7175 | D:6      | Reached skill level 5 in Invocations
  7707 | D:6      | Found an ancient bone altar of Kikubaaqudgha.
  7781 | D:7      | Reached **** piety under Lugonu
  7791 | D:7      | Found a staircase to the Ecumenical Temple.
  7912 | D:7      | Reached XP level 9. HP: 72/73 MP: 12/12
  7920 | D:7      | HP: 1/73 [yak (12)]
  7921 | D:7      | Slain by a yak

Skill      XL: |  1  2  3  4  5  6  7  8 |
---------------+-------------------------+-----
Axes           | 2 3 4 5 |  5.6
Dodging        | 1 |  1.6
Armour         | 2 3 4 5 |  5.2
Shields        | 1 2 3 |  3.0
Invocations    | 3 4 5 |  5.1
Fighting       | 4 |  4.8
Throwing       | |  0.5

Action                   |  1- 3 |  4- 6 |  7- 9 || total
-------------------------+-------+-------+-------++-------
Melee: Hand axe          |    94 |   183 |   318 ||   595
       Kick              |    16 |    44 |    75 ||   135
Throw: Javelin           |       |       |     2 ||     2
Invok: Depart the Abyss  |     1 |       |       ||     1
  Use: Scroll            |     7 |     6 |     3 ||    16
       Potion            |     3 |     3 |       ||     6
  Eat: Chunk             |       |     3 |     2 ||     5
       Ration            |       |     1 |     3 ||     4
Armor: Ring mail         |    49 |    34 |       ||    83
       Plate armour      |       |    59 |    48 ||   107
       Chain mail        |       |       |   162 ||   162
Dodge: Dodged            |    27 |    31 |    42 ||   100
Block: Shield            |    33 |    64 |   152 ||   249
